 Dungeon Crawl Stone Soup version 0.23-a0-296-ga3b1b28 (webtiles) character file.

42 galech the Skirmisher (level 3, 0/29 HPs)
             Began as a Demonspawn Fighter on Oct 5, 2018.
             Slain by a jackal (2 damage)
             ... on level 2 of the Dungeon.
             The game lasted 00:01:06 (632 turns).

galech the Skirmisher (Demonspawn Fighter)           Turns: 632, Time: 00:01:07

Health: 0/29       AC:  6    Str: 16    XL:     3   Next: 35%
Magic:  3/3        EV:  7    Int:  9    God:
Gold:   98         SH:  9    Dex: 13    Spells: 2/2 levels left

rFire    . . .     SeeInvis .   h - +0 short sword
rCold    . . .     Gourm    .   c - +0 shield
rNeg     . . .     Faith    .   b - +0 scale mail
rPois    .         Spirit   .   (no helmet)
rElec    .         Reflect  .   (no cloak)
rCorr    .         Harm     .   (no gloves)
MR       .....                  (no boots)
Stlth    +.........             (no amulet)
HPRegen  0.09/turn              (no ring)
MPRegen  0.08/turn              (no ring)

@: no status effects
A: nightstalker 1
a: no special abilities


You were on level 2 of the Dungeon.
You were not hungry.

You visited 1 branch of the dungeon, and saw 2 of its levels.

You collected 98 gold pieces.

Inventory:

Hand Weapons
 a - a +0 war axe
 h - a +0 short sword (weapon)
Armour
 b - a +0 scale mail (worn)
 c - a +0 shield (worn)
Scrolls
 e - a scroll of blinking {unknown}
 j - 2 scrolls of identify {unknown}
Potions
 d - a potion of might
 i - 2 potions of curing {unknown}
Comestibles
 f - 3 rations


   Skills:
 + Level 3.2 Fighting
 + Level 0.7 Short Blades
 + Level 1.8 Axes
 + Level 3.0 Armour
 + Level 0.7 Dodging
 + Level 3.2 Shields


You had 2 spell levels left.
You didn't know any spells.
Your spell library was empty.

Dungeon Overview and Level Annotations

Branches:
Dungeon (2/15)

Altars:


Innate Abilities, Weirdness & Mutations

You are slightly more attuned to the shadows.


Message History

You hit the adder.
The adder is almost dead.
The adder barely misses you. The adder bites you.
* * * LOW HITPOINT WARNING * * *
You barely miss the adder.
The adder is almost dead.
You block the adder's attack.
You hit the adder.
You kill the adder!
You hit the jackal.
The jackal is severely wounded.
The jackal barely misses you. You block the jackal's attack.
You hit the jackal.
You kill the jackal!
The jackal bites you.
* * * LOW HITPOINT WARNING * * *
Your shield and scale mail prevent you from hitting the jackal.
The jackal bites you but does no damage.
You miss the jackal. The jackal bites you.
You die...

###.#.###
.......#
#.#.#.###
#####...#....
.........#
#####.g.##
##h## #h# #@#
##'## ##...##
##.....##
##.......##
#.........#
+.........+
#.........#
##.......##


You could see 2 jackals and a goblin.

Vanquished Creatures
  An adder (D:2)
  An ooze (D:1)
  2 giant cockroaches (D:1)
  4 goblins (D:1)
  4 hobgoblins (D:1)
  5 jackals
  2 bats (D:1)
  A frilled lizard (D:1)
  4 kobolds (D:1)
  2 rats (D:1)
26 creatures vanquished.

Notes
Turn   | Place    | Note
-------+----------+-------------------------------------------
     0 | D:1      | galech the Demonspawn Fighter began the quest for the Orb.
     0 | D:1      | Reached XP level 1. HP: 18/18 MP: 1/1
   133 | D:1      | Gained mutation: You are slightly more attuned to the
                  | shadows. [demonic ancestry]
   133 | D:1      | Reached XP level 2. HP: 23/24 MP: 2/2
   477 | D:1      | Reached XP level 3. HP: 24/29 MP: 3/3
   630 | D:2      | HP: 1/29 [jackal (3)]
   632 | D:2      | Slain by a jackal

Vault maps used:
D:1:      lightli_arrival_boilingwater
D:2:      fedhas_altar_3, st_stairs_13

Skill      XL: |  1  2 |
---------------+-------+-----
Shields        | 3 |  3.2
Armour         | 3 |  3.0
Fighting       | |  3.2
Short Blades   | |  0.7
Axes           | |  1.8
Dodging        | |  0.7

Action                   || total
-------------------------++-------
Melee: War axe           ||    40
       Short sword       ||    95
Armor: Scale mail        ||    81
Dodge: Dodged            ||    52
Block: Shield            ||    82

Table legend:
 A = Non-vault XP
 B = Vault XP
 C = Vault XP percentage of total XP
 D = Non-vault monster count
 E = Vault monster count
 F = Vault count percentage of total count
                 A         B        C        D         E       F
            +---------+---------+-------+---------+---------+-------
      Total |      61 |       0 |   0.0 |      26 |       0 |   0.0
            +---------+---------+-------+---------+---------+-------
        D:1 |      44 |       0 |   0.0 |      23 |       0 |   0.0
        D:2 |      17 |       0 |   0.0 |       3 |       0 |   0.0
            +---------+---------+-------+---------+---------+-------
